Map: Jagannatha LE

Players

Maru - Winner!

  • Race: Terran Terran
  • Spawn Location: 1:00

Clem

  • Race: Terran Terran
  • Spawn Location: 7:00

Event: IEM Katowice 2021

VOD

Have the link to the VOD?

Description

Time

  • Played on: Feb. 22, 2021, 12:16 p.m.
  • Length: 28:16

All games in this series

Show
View Real Time Build Order
Export as new Build Order

Maru Terran - Winner!

Build Orders: Gas First Reaper Expand 

Get SALT Encoding   

  12  0:00  SCV  
  13  0:12  SCV  
  14  0:17  Supply Depot  
  14  0:24  SCV  
  15  0:34  Refinery  
  15  0:39  SCV  
  16  0:44  Barracks  
  16  0:51  SCV  
  17  1:03  SCV  
  18  1:15  SCV  
  19  1:31  Reaper, Orbital Command  
  20  1:44  Command Center  
  20  1:57  SCV  
  20  2:00  Factory  
  21  2:09  SCV  
  21  2:10  Barracks Reactor  
  21  2:13  Supply Depot  
  22  2:20  Refinery  
  22  2:21  SCV  
  23  2:35  SCV  
  24  2:44  Hellion  
  25  2:47  SCV, Marine x2  
  25  2:59  SCV  
  25  3:03  Orbital Command  
  23  3:07  Hellion  
  23  3:12  Marine  
  24  3:17  SCV  
  23  3:26  Starport  
  23  3:30  SCV  
  24  3:38  SCV  
  24  3:39  Factory Tech Lab  
  25  3:41  Marine x2  
  25  3:43  SCV  
  25  3:48  Orbital Command  
  29  3:57  SCV  
  29  3:59  Siege Tank  
  29  4:00  Marine x2  
  34  4:04  Supply Depot  
  34  4:09  SCV  
  35  4:12  Medivac  
  35  4:13  SCV  
  38  4:18  Marine  
  38  4:19  Marine  
  38  4:21  SCV  
  41  4:25  SCV  
  39  4:33  SCV  
  39  4:36  Marine  
  39  4:37  Marine  
  42  4:39  Siege Tank  
  42  4:40  SCV  
  46  4:47  Starport Tech Lab, SCV  
  46  4:50  Supply Depot  
  47  4:53  SCV  
  47  4:59  SCV  
  49  5:03  Marine x2  
  49  5:05  SCV  
  52  5:12  SCV  
  53  5:17  SCV  
  53  5:21  Command Center  
  54  5:22  Raven  
  54  5:24  SCV  
  57  5:29  SCV  
  58  5:36  SCV  
  58  5:40  Supply Depot  
  59  5:44  SCV  
  59  5:48  SCV  
  59  5:49  Barracks  
  61  5:56  SCV  
  62  6:02  Supply Depot, Siege Tank, Refinery  
  65  6:05  SCV  
  65  6:06  Barracks  
  65  6:10  Engineering Bay x2  
  66  6:21  SCV  
  67  6:29  SCV  
  68  6:33  SCV, Supply Depot  
  68  6:36  Siege Tank  
  69  6:41  SCV  
  69  6:45  SCV  
  69  6:46  Raven, Orbital Command  
  70  6:48  Barracks Reactor  
  70  6:53  SCV  
  70  6:57  SCV  
  61  7:05  SCV, Barracks Reactor  
  58  7:10  SCV  
  58  7:12  Refinery  
  58  7:15  Marine x2  
  60  7:16  Siege Tank  
  60  7:17  SCV  
  60  7:22  SCV  
  66  7:29  SCV, Barracks  
  67  7:30  Barracks  
  67  7:33  Stimpack, Marine x3  
  67  7:34  SCV  
  71  7:41  Missile Turret  
  71  7:42  Marine x2, Missile Turret  
  73  7:44  Terran Infantry Weapons Level 1, Terran Infantry Armor Level 1  
  73  7:46  SCV  
  73  7:49  SCV  
  73  7:51  Marine x2  
  76  7:56  Siege Tank  
  80  7:58  SCV  
  80  8:02  SCV  
  76  8:07  Viking  
  76  8:09  Orbital Command  
  76  8:10  SCV  
  76  8:12  Marine x5  
  83  8:14  SCV  
  84  8:23  SCV  
  84  8:26  SCV, Viking  
  87  8:30  Marine x2  
  89  8:35  SCV, Siege Tank  
  89  8:38  SCV, Barracks Reactor  
  93  8:47  SCV  
  81  8:51  SCV  
  81  8:52  SCV  
  79  8:55  Viking  
  79  8:58  Liberator  
  79  8:59  SCV, Marine  
  79  9:00  Barracks Reactor  
  79  9:01  Marine x2  
  88  9:03  SCV  
  88  9:04  SCV  
  88  9:09  Supply Depot x2  
  90  9:10  Armory  
  90  9:11  SCV  
  90  9:12  Marine x2  
  90  9:15  SCV  
  90  9:16  SCV, Siege Tank  
  98  9:18  Refinery x2  
  98  9:20  Supply Depot x2  
  98  9:23  SCV  
  99  9:27  SCV  
  99  9:28  SCV  
  99  9:29  Missile Turret  
  101  9:35  SCV, Marine x2  
  101  9:36  Marine x4  
  107  9:39  SCV  
  107  9:40  SCV  
  107  9:42  Viking x2  
  107  9:44  Marine x3  
  116  9:47  Sensor Tower  
  116  9:48  SCV  
  117  9:53  Marine x2  
  117  9:58  SCV, Command Center  
  120  10:00  SCV, Marine  
  120  10:01  Marine x2, Siege Tank  
  127  10:11  SCV  
  127  10:13  Supply Depot, Terran Infantry Weapons Level 2  
  128  10:14  Supply Depot  
  128  10:15  Supply Depot  
  128  10:22  Medivac x2  
  128  10:23  Supply Depot  
  128  10:28  Terran Infantry Armor Level 2  
  132  10:30  Missile Turret  
  132  10:31  Terran Vehicle Weapons Level 1  
  132  10:32  Missile Turret  
  132  10:37  Combat Shield  
  132  10:45  Marine x5  
  132  10:46  Marine x4  
  141  10:53  Viking x2  
  141  10:56  SCV x3  
  145  11:03  Siege Tank  
  148  11:05  Factory  
  148  11:07  Marine x2  
  148  11:08  SCV, Marine x5  
  156  11:25  Viking x2  
  146  11:36  Marine x2  
  146  11:38  Marine, Siege Tank  
  146  11:39  Marine x3  
  136  11:41  SCV  
  136  11:43  Marine x2  
  136  11:45  SCV, Planetary Fortress  
  140  11:48  SCV  
  140  11:53  SCV  
  142  11:54  Marine  
  142  11:55  Marine  
  142  11:59  Viking x2  
  147  12:07  Marine, Siege Tank, Barracks Reactor  
  147  12:08  Supply Depot x2, Marine x2, Sensor Tower  
  153  12:09  Marine x3  
  153  12:10  Siege Tank  
  153  12:14  Marine  
  153  12:15  Marine  
  161  12:19  Refinery  
  161  12:20  Refinery  
  161  12:24  Starport  
  161  12:25  Starport  
  161  12:27  Command Center  
  161  12:35  Viking  
  161  12:36  Viking  
  165  12:41  Terran Infantry Weapons Level 3  
  165  12:51  Marine x3  
  165  12:52  Marine x2  
  165  12:53  Siege Tank  
  165  12:55  Marine x2  
  165  12:56  Marine  
  176  12:59  Terran Infantry Armor Level 3  
  176  13:05  Terran Vehicle Weapons Level 2  
  176  13:10  Command Center  
  174  13:22  Marine x8  
  174  13:24  Viking x2  
  174  13:26  Starport Tech Lab x2  
  183  13:36  Command Center  
  183  13:52  Siege Tank  
  183  13:53  Siege Tank  
  189  14:02  Armory  
  189  14:04  Raven x2  
  189  14:05  Corvid Reactor, Viking x2  
  197  14:10  Barracks  
  197  14:11  Barracks x2  
  194  14:42  Missile Turret  
  194  14:43  Missile Turret  
  194  14:45  Marine  
  194  14:47  Raven x2  
  194  14:50  Marine  
  182  14:58  Command Center  
  182  14:59  Barracks Reactor x2  
  177  15:00  Command Center, Barracks Reactor  
  177  15:04  Command Center  
  176  15:07  Marine  
  176  15:11  Siege Tank  
  180  15:23  Terran Vehicle And Ship Armor Level 1, Terran Vehicle Weapons Level 3  
  180  15:30  Raven  
  180  15:32  Siege Tank  
  185  15:40  Neosteel Armor, Hi-Sec Auto Tracking  
  185  15:42  SCV x2  
  187  15:55  Siege Tank  
  184  16:01  Medivac x2  
  184  16:02  Raven  
  190  16:04  Siege Tank  
  193  16:14  Planetary Fortress  
  193  16:20  Raven  
  185  16:26  Marine x7  
  185  16:27  Siege Tank  
  185  16:32  Orbital Command  
  189  16:33  Orbital Command  
  189  16:36  Marine x2, Siege Tank  
  189  16:37  Marine  
  195  16:41  Orbital Command  
  195  16:53  Marine x3  
  172  17:06  Marine x5  
  172  17:07  Marine, Siege Tank  
  178  17:09  Raven x2  
  182  17:17  Marine x8  
  182  17:20  Starport x2  
  190  17:30  Viking x2  
  190  17:31  Terran Vehicle And Ship Armor Level 2  
  194  17:42  Planetary Fortress  
  194  17:49  Siege Tank  
  197  17:53  Missile Turret x2  
  197  18:00  Marine, Siege Tank  
  181  18:16  Marine x2  
  179  18:20  Marine  
  179  18:21  Siege Tank  
  179  18:26  Marine x2  
  179  18:27  Marine x2  
  179  18:32  Siege Tank  
  184  18:37  Marine x3  
  187  18:42  Medivac x2, Marine x2  
  187  18:43  Marine x7  
  200  19:01  Refinery x2  
  200  19:02  Missile Turret  
  200  19:05  Starport Tech Lab, Starport Reactor  
  200  19:18  Command Center x2  
  200  19:24  Sensor Tower  
  199  19:47  Terran Vehicle And Ship Armor Level 3, Terran Ship Weapons Level 1  
  188  20:11  Marine x2  
  188  20:12  Siege Tank x2  
  188  20:13  Marine x2  
  188  20:14  Raven x2, Viking x3  
  188  20:17  Marine x2  
  185  20:29  Marine x4  
  185  20:30  Marine x3  
  185  20:32  Raven, Viking  
  185  20:35  Marine x2  
  189  20:44  Siege Tank x2, Viking  
  197  20:57  Raven  
  196  21:06  Orbital Command x2  
  196  21:16  Siege Tank  
  195  21:48  Siege Tank  
  198  21:54  Command Center  
  198  21:57  Sensor Tower  
  198  22:10  Raven  
  198  22:11  Command Center  
  200  22:27  Terran Ship Weapons Level 2, Fusion Core  
  198  22:34  Marine  
  198  22:35  Marine  
  198  22:36  Siege Tank  
  200  22:48  Marine  
  200  22:49  Liberator x2  
  194  23:04  Viking x2  
  195  23:16  Advanced Ballistics  
  195  23:20  Planetary Fortress  
  190  23:37  Orbital Command  
  187  23:55  Refinery  
  187  23:58  Refinery  
  187  24:01  Battlecruiser x3  
  199  24:09  Marine  
  198  24:10  Marine  
  198  24:14  Siege Tank x2  
  198  24:16  Marine x12  
  187  24:22  Marine x2, Liberator x4  
  189  24:25  Orbital Command  
  189  24:26  Orbital Command x2  
  189  24:27  Marine  
  189  24:28  Marine  
  188  24:33  Marine  
  188  24:34  Marine x4  
  188  24:35  Rapid Reignition System  
  185  24:47  Marine x11  
  185  24:51  Marine  
  192  24:59  Orbital Command  
  192  25:02  Siege Tank  
  195  25:22  Battlecruiser  
  195  25:32  Weapon Refit  
  166  25:59  Battlecruiser x2  
  178  26:05  SCV x4  
  178  26:06  SCV x3  
  178  26:09  Orbital Command  
  185  26:16  Siege Tank x2  
  185  26:17  SCV x3  
  185  26:18  SCV  
  194  26:27  Battlecruiser  
  184  26:39  Marine x10  
  176  26:49  Marine  
  176  26:50  Marine x2  
  177  26:56  Refinery  
  177  26:57  Marine x4  
  177  26:58  Marine x3  
  177  26:59  Refinery  
  181  27:02  Orbital Command  
  181  27:03  Marine, Battlecruiser  
  181  27:04  Marine x5  
  181  27:07  Marine  
  181  27:08  Marine x2  
  195  27:15  Marine  
  189  27:29  SCV  
  191  27:30  SCV x5  
  187  27:38  Siege Tank x2  
  187  27:41  SCV  
  194  27:48  Marine x3  
  168  27:52  Marine x3  
Show
View Real Time Build Order
Export as new Build Order

Clem Terran 

Build Orders:  

Get SALT Encoding   

  12  0:00  SCV  
  13  0:12  SCV  
  14  0:17  Supply Depot  
  14  0:24  SCV  
  15  0:38  SCV  
  15  0:40  Barracks  
  16  0:44  Refinery  
  16  0:50  SCV  
  17  1:01  Barracks  
  17  1:05  SCV  
  18  1:17  SCV  
  19  1:27  Reaper  
  19  1:28  Supply Depot  
  20  1:33  Orbital Command  
  20  1:48  Reaper  
  21  1:59  SCV  
  22  2:03  Reaper  
  23  2:11  SCV  
  24  2:18  Command Center  
  24  2:23  Refinery  
  24  2:25  SCV  
  25  2:35  Marine  
  26  2:37  SCV  
  26  2:42  Factory  
  27  2:49  SCV  
  28  2:53  Marine  
  29  3:01  SCV  
  30  3:13  SCV  
  30  3:20  Command Center  
  30  3:25  SCV  
  31  3:28  Barracks Reactor  
  31  3:30  Factory Tech Lab  
  31  3:32  Orbital Command  
  31  3:37  SCV  
  32  3:41  Starport  
  32  3:43  Barracks Reactor  
  32  3:49  SCV  
  32  3:52  Cyclone  
  35  4:01  SCV x2  
  37  4:05  Marine x2  
  39  4:13  SCV  
  39  4:15  SCV, Supply Depot  
  41  4:19  Marine x2  
  41  4:21  Starport Reactor  
  41  4:24  Siege Tank  
  46  4:31  SCV, Marine x2  
  46  4:33  Orbital Command  
  46  4:35  SCV  
  48  4:38  Marine x2  
  48  4:43  SCV  
  51  4:46  Refinery  
  51  4:48  SCV, Refinery  
  51  4:49  Marine  
  51  4:50  Marine  
  54  4:55  SCV  
  54  4:59  SCV  
  56  5:01  SCV  
  56  5:04  Barracks, Marine  
  56  5:05  Stimpack  
  56  5:06  Factory Tech Lab  
  58  5:07  SCV  
  58  5:11  SCV  
  58  5:14  Marine  
  61  5:15  SCV  
  61  5:17  Marine  
  61  5:21  SCV, Supply Depot  
  64  5:22  Marine  
  64  5:24  SCV  
  64  5:25  Supply Depot  
  64  5:27  SCV  
  67  5:40  Supply Depot  
  67  5:42  Medivac, Marine x2  
  65  5:46  Marine  
  65  5:47  SCV, Siege Tank, Viking  
  75  5:52  Marine x2  
  74  5:59  Supply Depot  
  74  6:00  SCV x2, Marine  
  74  6:01  SCV  
  74  6:02  Marine  
  74  6:03  Supply Depot  
  74  6:04  Marine  
  78  6:06  Supply Depot  
  79  6:17  Marine  
  77  6:20  Siege Tank, Viking  
  77  6:23  SCV x2  
  80  6:26  Medivac  
  80  6:30  Marine  
  80  6:31  SCV  
  84  6:37  SCV  
  81  6:41  Marine  
  81  6:43  Marine  
  81  6:45  SCV  
  81  6:46  Marine  
  72  6:47  SCV  
  72  6:56  Marine  
  72  6:57  Marine  
  72  6:58  SCV  
  72  6:59  Marine  
  72  7:00  Siege Tank  
  65  7:05  Combat Shield  
  65  7:07  Marine, Orbital Command  
  65  7:10  Marine  
  65  7:13  SCV  
  67  7:15  SCV  
  67  7:18  Marine x2  
  67  7:20  Marine  
  71  7:25  Marine  
  72  7:30  Engineering Bay x2  
  72  7:33  SCV, Refinery  
  72  7:34  SCV x2  
  75  7:39  Siege Tank  
  75  7:43  Marine  
  75  7:44  Marine x2  
  80  7:45  Marine  
  80  7:46  Marine  
  80  7:48  SCV  
  80  7:49  SCV x2  
  86  7:54  Medivac x2  
  90  8:01  Marine  
  90  8:04  Marine x2  
  90  8:05  SCV x2  
  89  8:06  Marine  
  89  8:09  Marine  
  89  8:10  SCV, Supply Depot  
  89  8:12  Terran Infantry Weapons Level 1, Terran Infantry Armor Level 1  
  92  8:19  Marine  
  92  8:21  Siege Tank  
  92  8:22  SCV, Marine x2  
  92  8:26  Supply Depot, Marine  
  99  8:27  SCV x2  
  99  8:31  Medivac, Marine  
  99  8:33  Medivac  
  106  8:38  Marine  
  106  8:39  Marine  
  108  8:44  Marine  
  108  8:45  SCV  
  108  8:47  Marine  
  100  8:49  Marine  
  100  8:52  SCV  
  100  8:53  SCV, Siege Tank  
  100  8:54  Barracks  
  101  8:56  Marine  
  101  8:57  Marine  
  101  9:00  Barracks  
  101  9:02  SCV, Marine  
  105  9:04  SCV  
  105  9:05  Marine  
  105  9:08  Marine, Armory  
  105  9:09  Supply Depot  
  108  9:14  Marine  
  108  9:15  Refinery x2  
  109  9:17  Marine  
  109  9:20  SCV x2, Marine  
  109  9:22  Marine  
  114  9:25  Supply Depot  
  114  9:26  SCV  
  114  9:30  Siege Tank  
  118  9:32  SCV, Marine  
  118  9:35  Marine  
  118  9:38  SCV, Marine  
  123  9:39  Barracks Reactor  
  123  9:41  Supply Depot  
  123  9:42  Barracks Reactor  
  123  9:47  Command Center  
  123  9:53  Barracks Reactor  
  123  9:57  Supply Depot  
  123  9:58  Marine x4  
  127  10:02  Siege Tank  
  127  10:05  Factory  
  130  10:11  Terran Infantry Armor Level 2, Terran Infantry Weapons Level 2  
  130  10:12  Terran Vehicle Weapons Level 1  
  130  10:16  Marine  
  130  10:20  Missile Turret  
  131  10:21  Supply Depot  
  131  10:22  Marine x4, Sensor Tower  
  131  10:23  Marine  
  131  10:25  Marine  
  131  10:27  Marine  
  138  10:33  Marine  
  138  10:34  Marine x2  
  141  10:36  Viking  
  141  10:38  Siege Tank  
  141  10:39  Marine  
  141  10:40  Viking  
  149  10:46  Marine  
  149  10:47  Marine x5  
  154  10:51  Marine  
  154  10:54  Marine  
  156  10:59  Supply Depot, Siege Tank  
  156  11:01  Supply Depot  
  160  11:04  SCV x2  
  160  11:05  SCV, Sensor Tower  
  162  11:12  Siege Tank  
  162  11:18  Viking x2  
  164  11:21  Planetary Fortress  
  163  11:29  Marine  
  163  11:31  SCV, Siege Tank  
  150  11:36  Marine  
  137  11:41  Marine x3  
  137  11:42  Marine x4  
  137  11:43  Marine  
  137  11:44  Siege Tank  
  134  11:47  SCV x2, Marine  
  134  11:48  SCV  
  138  11:54  Marine  
  138  11:55  Barracks  
  138  11:56  Medivac x2, Barracks  
  138  11:57  Barracks  
  138  11:59  Marine x2  
  138  12:00  SCV x2  
  147  12:03  Siege Tank  
  147  12:04  Marine x3  
  147  12:06  Marine x2  
  155  12:08  Marine x2  
  155  12:15  Terran Vehicle Weapons Level 2  
  157  12:22  Command Center  
  157  12:26  Siege Tank  
  157  12:27  Supply Depot  
  160  12:32  Marine x2  
  160  12:34  Marine x6  
  160  12:35  Marine  
  169  12:38  Medivac  
  169  12:39  Medivac  
  176  12:44  Siege Tank  
  176  12:49  Terran Infantry Weapons Level 3  
  175  13:00  Siege Tank  
  175  13:01  Barracks Reactor  
  175  13:02  Marine x3, Barracks Reactor x2  
  175  13:04  Marine x2  
  182  13:12  Command Center  
  182  13:16  Siege Tank  
  182  13:19  Medivac  
  186  13:20  Medivac  
  186  13:22  Marine x3  
  186  13:23  Marine x3  
  193  13:29  SCV x2  
  198  13:34  Siege Tank, Planetary Fortress  
  198  13:35  SCV  
  198  13:36  Missile Turret  
  199  13:41  Marine  
  196  13:53  Command Center  
  196  13:56  Command Center  
  196  14:04  Siege Tank  
  196  14:07  Marine  
  196  14:08  Command Center  
  196  14:11  Missile Turret  
  196  14:16  Siege Tank  
  197  14:22  Terran Infantry Armor Level 3  
  197  14:28  Orbital Command  
  186  14:33  Marine x3  
  186  14:34  Marine x8  
  186  14:35  Medivac x2  
  199  14:44  Command Center  
  197  14:49  Siege Tank  
  197  14:50  Marine  
  193  15:02  Starport  
  193  15:03  Starport  
  193  15:05  Medivac x2, Refinery  
  193  15:06  Refinery  
  187  15:07  Marine  
  187  15:10  Siege Tank  
  187  15:12  Marine x5  
  187  15:13  Marine x8  
  200  15:15  Orbital Command  
  200  15:24  Sensor Tower  
  200  15:32  Terran Vehicle Weapons Level 3  
  200  15:39  Orbital Command  
  198  15:44  Starport Tech Lab x2  
  190  15:50  Marine  
  190  15:51  Marine  
  190  15:52  Marine x2  
  190  15:53  Marine  
  190  15:56  Marine x8  
  183  16:02  Corvid Reactor, Starport  
  183  16:03  Raven x2  
  187  16:12  Marine  
  187  16:13  Marine x2  
  190  16:24  Marine, Siege Tank  
  190  16:25  Marine x5  
  190  16:29  Orbital Command  
  190  16:31  Planetary Fortress  
  190  16:32  Refinery  
  191  16:33  Refinery  
  191  16:34  Missile Turret x2  
  191  16:38  Marine x2  
  193  16:45  Marine x2  
  193  16:46  Raven x2  
  174  16:55  Marine x3  
  174  16:57  Starport Tech Lab, Marine  
  174  16:58  Marine x6  
  180  17:02  Marine  
  180  17:03  Marine  
  180  17:04  Marine  
  174  17:09  Marine  
  174  17:10  Marine  
  174  17:12  SCV  
  174  17:13  SCV  
  174  17:14  SCV  
  179  17:17  Siege Tank  
  179  17:18  Raven, Siege Tank  
  179  17:19  Marine x11  
  198  17:28  Command Center, Sensor Tower  
  198  17:29  Raven, Command Center  
  197  17:57  Hellbat  
  196  17:59  Raven  
  196  18:03  Marine x2, Siege Tank  
  200  18:12  Refinery x2  
  196  18:14  Raven  
  195  18:24  Medivac  
  197  18:29  Marine x2  
  197  18:33  Command Center  
  199  18:40  Terran Vehicle And Ship Armor Level 1  
  197  18:51  Raven  
  195  19:08  Marine x2  
  195  19:09  Neosteel Armor, Hi-Sec Auto Tracking  
  197  19:12  Sensor Tower  
  197  19:14  Marine  
  197  19:15  Marine  
  199  19:18  Orbital Command  
  199  19:21  Command Center  
  197  19:32  Siege Tank  
  192  20:10  Raven x2  
  192  20:13  Marine x4, Siege Tank x2  
  192  20:14  Marine x3  
  157  20:29  Marine  
  157  20:30  Marine x2  
  157  20:32  Marine x13  
  157  20:34  Raven  
  138  20:39  Medivac x2  
  138  20:41  Barracks x2  
  142  20:44  Barracks x2  
  142  20:45  Siege Tank  
  142  20:46  Siege Tank  
  142  20:47  Marine, Orbital Command  
  142  20:48  Marine x2  
  151  20:50  Marine x7  
  151  20:51  Marine x6  
  151  20:53  Raven x2, Orbital Command  
  168  21:05  Marine x2  
  168  21:06  Marine  
  168  21:07  Marine  
  168  21:08  Marine  
  169  21:13  Marine x4  
  169  21:17  Raven, Marine, Siege Tank  
  169  21:18  Siege Tank  
  177  21:22  Marine x6  
  177  21:23  Marine x2  
  177  21:24  Marine  
  177  21:25  Marine x2  
  186  21:29  Refinery  
  186  21:30  Marine, Refinery  
  186  21:31  Marine x3  
  184  21:34  Marine  
  184  21:36  Raven x2  
  184  21:37  Marine x4  
  185  21:40  Marine  
  185  21:41  Marine x2, Viking x2  
  185  21:42  Marine x4  
  185  21:44  Marine  
  185  21:47  Orbital Command  
  197  21:49  Siege Tank  
  197  21:50  Missile Turret  
  198  21:58  Marine, Siege Tank  
  198  21:59  Marine  
  200  22:18  Orbital Command  
  198  22:25  Raven  
  200  22:33  Siege Tank  
  200  22:34  Marine  
  200  22:35  Raven  
  194  22:40  Orbital Command  
  194  22:41  Raven  
  194  22:42  Marine  
  194  22:43  Marine x3  
  200  22:47  Marine x3, Siege Tank  
  200  22:50  Marine x2  
  198  22:57  Marine x4  
  190  22:59  Marine x2  
  190  23:05  Siege Tank  
  192  23:08  Raven  
  192  23:14  Marine x4  
  192  23:15  Marine  
  192  23:18  Raven  
  199  23:31  Raven  
  199  23:32  Marine  
  197  23:34  Siege Tank  
  197  23:36  Marine  
  190  23:50  Siege Tank  
  190  23:51  Marine x8  
  190  23:56  Marine x2  
  190  23:59  Raven  
  190  24:01  Raven, Marine  
  190  24:02  Marine x4  
  194  24:06  Siege Tank  
  158  24:11  Marine x7  
  158  24:12  Marine x3  
  158  24:13  Marine x3  
  158  24:14  Raven, Marine  
  158  24:16  Marine  
  165  24:19  Marine x5  
  165  24:22  Siege Tank  
  173  24:29  Marine x3, Orbital Command  
  176  24:31  Marine  
  176  24:38  Siege Tank  
  176  24:42  Raven  
  176  24:44  Marine x2  
  176  24:45  Marine  
  175  24:50  Medivac  
  175  24:51  Marine  
  175  24:52  Marine x16  
  194  24:54  Siege Tank  
  197  25:00  SCV x2  
  197  25:02  Marine  
  200  25:11  Siege Tank  
  200  25:13  SCV x2  
  197  25:14  SCV  
  197  25:15  SCV  
  197  25:16  Marine  
  196  25:30  Marine  
  196  25:31  Marine  
  196  25:32  Marine  
  197  25:42  Marine x5  
  196  25:43  Siege Tank  
  196  25:52  Marine x4  
  196  25:55  Raven  
  199  26:02  Marine x2  
  200  26:12  Orbital Command  
  180  26:26  Marine x4  
  180  26:31  Marine x4  
  180  26:32  Marine x2  
  153  26:33  Siege Tank  
  153  26:35  Marine  
  153  26:36  Medivac  
  153  26:37  Marine  
  153  26:38  Marine  
  145  26:41  Medivac  
  145  26:43  Marine, Siege Tank  
  142  26:48  Marine  
  142  26:49  Marine x13  
  142  26:50  Marine x2  
  142  26:53  Marine  
  152  26:54  Marine  
  152  26:55  Raven x2  
  152  26:56  Marine  
  151  27:01  Marine  
  151  27:05  Siege Tank  
  151  27:06  Marine x2  
  157  27:13  Medivac  
  159  27:20  Raven  
  159  27:21  Marine x8  
  165  27:25  Marine  
  165  27:26  Marine  
  165  27:29  Marine x2  
  151  27:41  Marine  
  151  27:42  Marine  
  145  27:47  Marine  
  145  27:49  Marine x2  
  145  27:50  Marine x2  
  114  27:52  Marine  

Tags
 
Add a new tag
Caveats
  • Supply blocks, unpowered buildings, or Contaminate may cause inaccurate times.
  • Supply counts are checked every 10 seconds.